 Dungeon Crawl Stone Soup version 0.30.0-10-gfe55d96785 (webtiles) character file.

Game seed: 8988602166868227262

8859 voltaire321 the Trooper (level 11, -8/129 HPs)
             Began as a Demonspawn Artificer on May 15, 2023.
             Was a Follower of Wu Jian.
             Mangled by a killer bee (10 damage)
             ... on level 1 of the Lair of Beasts.
             The game lasted 00:32:40 (10502 turns).

voltaire321 the Trooper (Demonspawn Artificer)     Turns: 10502, Time: 00:32:40

Health: -8/129     AC:  9    Str: 16    XL:     11   Next: 15%
Magic:  23/23      EV: 13    Int: 13    God:    Wu Jian [*.....]
Gold:   832        SH:  6    Dex: 14    Spells: 12/15 levels left

rFire   . . .        m - +7 spear of Sigod {venom, *Rage rC+++ MP+9 Stlth+}
rCold   + + +        A - +1 buckler
rNeg    . . .        t - +0 ring mail
rPois   +            (no helmet)
rElec   .            f - scarf of Ytzel {+Inv, rPois Regen+}
rCorr   .            (no gloves)
SInv    .            (no boots)
Will    .....        (no amulet) Stlth
                     (no ring)
HPRegen 1.21/turn    (no ring)
MPRegen 0.18/turn

%: random rage (20%)
@: berserking (expiring), very quick
A: icy blue scales 2, demonic guardian 1, demonic magic 2, demonic touch 1
a: Renounce Religion, Evoke Invisibility


You were on level 1 of the Lair of Beasts.
You worshipped Wu Jian.
Wu Jian was aware of your devotion.
You visited 3 branches of the dungeon, and saw 11 of its levels.
You also visited: Bailey.

You collected 922 gold pieces.
You spent 90 gold pieces at shops.

Inventory:

Hand Weapons
 m - the +7 spear of Sigod (weapon) {venom, *Rage rC+++ MP+9 Stlth+}
   (You took it off a hobgoblin on level 2 of the Dungeon)

   rC:        It renders you almost immune to cold.
   MP:        It affects your magic capacity (+9).
   *Rage:     It berserks you when you make melee attacks (+20% chance).
   Stlth:     It makes you more stealthy.
 x - the +8 morningstar "Toucaor" {flame, rElec rF+}
   (You took it off a wizard on level 9 of the Dungeon)

   rF:        It protects you from fire.
   rElec:     It insulates you from electricity.
 y - a +2 rapier of venom
 B - a +0 rapier
 H - a +1 short sword of venom
Missiles
 k - 28 boomerangs (quivered)
 q - 6 silver boomerangs
 C - a curare-tipped dart
Armour
 f - the scarf of Ytzel (worn) {+Inv, rPois Regen+}
   (You found it on level 8 of the Dungeon)

   rPois:     It protects you from poison.
   Regen:     It increases your rate of health regeneration.
 t - a +0 ring mail (worn)
 A - a +1 buckler (worn)
Magical Staves
 u - the staff of fire "Mijor" {rPois rF+ Int+3}
   (You found it on level 9 of the Dungeon)

   [staff of fire]

   Base accuracy: +5 Base damage: 5 Base attack delay: 1.2 This weapon's minimum
   attack delay (0.6) is reached at skill level 12.
   Int:       It affects your intelligence (+3).
   rF:        It protects you from fire.
   rPois:     It protects you from poison.
   It falls into the 'Staves' category.
   It is a one-handed weapon.
Jewellery
 l - a ring of poison resistance
 w - an amulet of the acrobat
Wands
 c - a wand of flame (62)
 d - a wand of charming (15)
 e - a wand of iceblast (2)
 i - a wand of digging (5)
 G - a wand of roots (8)
Scrolls
 h - a scroll of enchant armour
 n - a scroll of poison
 o - 4 scrolls of fog
 s - a scroll of teleportation
Potions
 a - 3 potions of lignification {unknown}
 b - a potion of berserk rage
 g - 6 potions of flight
 j - 2 potions of curing
 p - 2 potions of brilliance {unknown}
 r - 3 potions of might
 v - 2 potions of heal wounds
 z - a potion of attraction {unknown}
 E - a potion of cancellation
 F - a potion of magic {unknown}
Miscellaneous
 D - a condenser vane


   Skills:
 + Level 7.8 Fighting
 + Level 6.9 Short Blades
 + Level 7.3 Armour
 + Level 7.1 Dodging
 - Level 0.8 Stealth
 - Level 5.0 Shields
 + Level 2.5 Spellcasting
 + Level 1.9 Conjurations
 + Level 1.5 Earth Magic
 - Level 5.0 Evocations


You had 12 spell levels left.
You knew the following spells:

 Your Spells              Type           Power      Damage    Failure   Level
a - Stone Arrow           Conj/Erth      12%        3d7       61%         3

Your spell library contained the following spells:

 Spells                   Type           Power      Damage    Failure   Level
 Magic Dart               Conj           24%        1d4       24%         1
 Foxfire                  Conj/Fire      16%        2x1d4     34%         1
 Searing Ray              Conj           12%        2d4       34%         2
 Tukima's Dance           Hex            1%         N/A       85%         3
 Volatile Blastmotes      Fire/Tloc      2%         2d10      85%         3
 Animate Armour           Summ/Erth      6%         N/A       98%         4
 Fulminant Prism          Conj/Hex       2%         3d5       98%         4
 Iskenderun's Mystic Bla  Conj/Tloc      4%         2d3       98%         4
 Passage of Golubria      Tloc           1%         N/A       99%         4
 Fireball                 Conj/Fire      2%         3d4       100%        5
 Lee's Rapid Deconstruct  Erth           2%         3d5*      100%        5
 Yara's Violent Unravell  Hex/Tmut       0%         3d3       100%        5
 Conjure Ball Lightning   Conj/Air       2%         3x3d6     100%        6
 Plasma Beam              Fire/Air       0%         2x1d11    100%        6
 Starburst                Conj/Fire      2%         6d3       100%        6
 Discord                  Hex            0%         N/A       100%        8
 Disjunction              Tloc           0%         N/A       100%        8
 Lehudib's Crystal Spear  Conj/Erth      3%         10d2      100%        8


Dungeon Overview and Level Annotations

Branches:
Dungeon (9/15)             Temple (1/1) D:6            Lair (1/5) D:8
 Bailey (visited)
    Orc: D:9-12

Altars:
Ashenzari
Cheibriados
Dithmenos
Fedhas
Gozag
Hepliaklqana
Kikubaaqudgha
Makhleb
Nemelex Xobeh
Okawaru
Qazlal
Ru
Sif Muna
Trog
Uskayaw
Vehumet
Wu Jian
Xom
Yredelemnul

Shops:
D:2 =   D:3 *   D:7 ?


Innate Abilities, Weirdness & Mutations

You are mostly covered in icy blue scales. (AC +3)
A weak demonic guardian rushes to your aid.
Spells you cast may paralyse nearby enemies.
Your touch may inflict minor irresistible damage on your foes.


Message History

A demonic guardian appears!
You hear an angry buzzing noise.
The killer bee closely misses you. The killer bee misses you.
You miss the killer bee.
The killer bee is moderately wounded.
You feel sick. You block the killer bee's attack.
You hit the queen bee.
The queen bee is poisoned.
The queen bee is heavily wounded.
The killer bee stings something.
The killer bee poisons something!
The killer bee completely misses something.
You closely miss the queen bee.
The queen bee is severely wounded.
You feel sick.
You are no longer poisoned.
The killer bee stings something!
The queen bee stings you but does no damage.
You hit the queen bee.
The queen bee is severely wounded.
The killer bee stings something!
You are too berserk!
You puncture the queen bee!
The queen bee is almost dead.
You kill the queen bee!
The Council accepts your kill.
The killer bee stings you but does no damage.
You hear an angry buzzing noise.
The killer bee misses you.
You puncture the killer bee!
The killer bee is poisoned.
The killer bee is severely wounded.
You hear an angry buzzing noise.
The killer bee stings you!
* * * LOW HITPOINT WARNING * * *
A demonic guardian appears!
The killer bee barely misses you.
You miss the killer bee.
The killer bee is almost dead.
You kill the killer bee!
The Council accepts your kill.
You hear an angry buzzing noise.
The killer bee stings you!
You die...

.#..........##...........##
............##.#.........# #
.#.....†....##.#.........##.+†..
.#..........'................yy.
+..........#.##..........###.##
#..........####.........##
#########+## ######†####
#P##.††# #@yy>#.# #P+#yy###
#5..y....# #.........+
#.+........# ...#........# ..#
#........# .. #........#


You could see 4 killer bees and a friendly quasit (summoned).

Vanquished Creatures
  A wizard (D:9)
  A cyclops (D:9)
  A rime drake (Lair:1)
  A polar bear (Lair:1)
  A queen bee (Lair:1)
  A troll (D:5)
  Grinder (D:5)
  2 hornets
  3 blink frogs (Lair:1)
  Sigmund (D:5)
  A wraith (D:8)
  2 shadows
  A yak (D:9)
  Menkaure (D:4)
  2 steam dragons (D:9)
  Edmund (D:5)
  Duvessa (D:5)
  3 water moccasins
  2 black bears
  8 orc warriors
  A sky beast (D:7)
  An ice beast (D:5)
  3 centaurs
  3 wolves (Lair:1)
  2 kobold brigands
  A gnoll sergeant (D:6)
  A scorpion (D:6)
  7 bullfrogs
  Dowan (D:5)
  20 killer bees
  A howler monkey (D:5)
  A crimson imp (D:5)
  6 hounds
  7 orc priests
  Crazy Yiuf (D:5)
  An iguana (D:4)
  A jelly (D:6)
  2 sleepcaps
  Ijyb (D:5)
  4 orc wizards
  3 gnolls (D:6)
  8 adders
  A white imp (D:8)
  An ufetubus (D:5)
  2 dart slugs
  33 orcs
  6 endoplasms
  6 giant cockroaches
  10 goblins
  10 hobgoblins
  4 jackals (D:4)
  29 kobolds
  5 quokkas
  6 ball pythons
  6 bats
  4 frilled lizards
  8 rats
242 creatures vanquished.

Vanquished Creatures (collateral kills)
  A black bear (D:8)
  A scorpion (D:8)
  An orc wizard (D:9)
  4 orcs
7 creatures vanquished.

Grand Total: 249 creatures vanquished

Notes
Turn   | Place    | Note
-------+----------+-------------------------------------------
     0 | D:1      | voltaire321 the Demonspawn Artificer began the quest for
                  | the Orb.
     0 | D:1      | Reached XP level 1. HP: 15/15 MP: 1/1
    80 | D:1      | Reached skill level 1 in Dodging
   507 | D:1      | Gained mutation: Spells you cast may paralyse adjacent
                  | enemies. [demonic ancestry]
   507 | D:1      | Reached XP level 2. HP: 21/21 MP: 2/2
  1439 | D:2      | Found Gaofumm's Jewellery Boutique.
  1454 | D:2      | Identified the +7 spear of Sigod {venom, *Rage rC+++ MP+9
                  | Stlth+}
  1465 | D:2      | Gained mutation: You are partially covered in icy blue
                  | scales. (AC +2) [demonic ancestry]
  1465 | D:2      | Reached XP level 3. HP: 9/27 MP: 3/3
  2123 | D:3      | Reached XP level 4. HP: 33/33 MP: 4/4
  2193 | D:3      | Reached skill level 1 in Short Blades
  2227 | D:3      | Gained mutation: Spells you cast may paralyse nearby
                  | enemies. [demonic ancestry]
  2227 | D:3      | Reached XP level 5. HP: 6/39 MP: 5/5
  2603 | D:3      | Found Jadiewy's Assorted Antiques.
  3057 | D:4      | Found a snail-covered altar of Cheibriados.
  3376 | D:4      | Noticed Menkaure
  3388 | D:4      | Killed Menkaure
  3389 | D:4      | Gained mutation: Your touch may inflict minor irresistible
                  | damage on your foes. [demonic ancestry]
  3389 | D:4      | Reached XP level 6. HP: 47/47 MP: 6/6
  4034 | D:5      | Entered Level 5 of the Dungeon
  4086 | D:5      | Reached XP level 7. HP: 47/52 MP: 7/7
  4130 | D:5      | Noticed Sigmund
  4137 | D:5      | Killed Sigmund
  4273 | D:5      | Noticed Grinder
  4285 | D:5      | Killed Grinder
  4286 | D:5      | Reached skill level 5 in Evocations
  4286 | D:5      | Gained mutation: A weak demonic guardian rushes to your
                  | aid. [demonic ancestry]
  4286 | D:5      | Reached XP level 8. HP: 60/60 MP: 8/8
  4361 | D:5      | Noticed Ijyb
  4372 | D:5      | Killed Ijyb
  4423 | D:5      | Found a runed translucent door.
  4424 | D:5      | Noticed Crazy Yiuf
  4465 | D:5      | Found a burning altar of Makhleb.
  4466 | D:5      | Noticed Edmund
  4478 | D:5      | Killed Edmund
  4748 | D:5      | Noticed Dowan
  4751 | D:5      | Noticed Duvessa
  4764 | D:5      | Killed Duvessa
  4770 | D:5      | Killed Dowan
  4771 | D:5      | Reached skill level 5 in Fighting
  5025 | D:5      | Noticed a troll
  5032 | D:5      | Killed a troll
  5033 | D:5      | Reached skill level 5 in Armour
  5150 | D:5      | Killed Crazy Yiuf
  5213 | D:6      | Reached skill level 5 in Dodging
  5213 | D:6      | Reached XP level 9. HP: 32/68 MP: 9/9
  5720 | D:6      | Found a staircase to the Ecumenical Temple.
  5729 | Temple   | Entered the Ecumenical Temple
  6041 | D:6      | Identified the +2 tower shield of the Sky {*Corrode rPois
                  | Regen+}
  6209 | D:6      | Reached skill level 5 in Short Blades
  6213 | D:6      | Reached skill level 1 in Shields
  6401 | D:7      | Found an opulent altar of Gozag.
  6499 | D:7      | Found Qoez's Magic Scroll Shop.
  6508 | D:7      | Bought a scroll of teleportation for 45 gold pieces
  6508 | D:7      | Bought a scroll of teleportation for 45 gold pieces
  7627 | D:8      | Found a flagged portal.
  7640 | Bailey   | Entered a bailey
  7846 | Bailey   | Reached XP level 10. HP: 58/77 MP: 10/10
  8397 | D:8      | Found a staircase to the Lair.
  9095 | D:8      | Identified the scarf of Ytzel {+Inv, rPois Regen+}
  9405 | D:9      | Found a hazy altar of Hepliaklqana.
  9406 | D:9      | Found a shimmering altar of Xom.
  9406 | D:9      | Found a basalt altar of Yredelemnul.
  9407 | D:9      | Found a radiant altar of Vehumet.
  9408 | D:9      | Found an ornate altar of the Wu Jian Council.
  9411 | D:9      | Became a worshipper of the Wu Jian Council
  9413 | D:9      | Found a sparkling altar of Nemelex Xobeh.
  9489 | D:9      | Noticed a two-headed ogre
  9507 | D:9      | Found an iron altar of Okawaru.
  9510 | D:9      | Found an iron altar of Okawaru.
  9555 | D:9      | Reached skill level 1 in Spellcasting
  9562 | D:9      | Paralysed by a hornet for 2 turns
  9619 | D:9      | Noticed a cyclops
  9634 | D:9      | Killed a cyclops
  9692 | D:9      | Noticed a centaur warrior
  9792 | D:9      | Learned a level 3 spell: Stone Arrow
  9827 | D:9      | Identified the staff of fire "Mijor" {rPois rF+ Int+3}
  9831 | D:9      | Identified the +8 morningstar "Toucaor" {flame, rElec rF+}
  9831 | D:9      | Noticed a wizard
  9845 | D:9      | Killed a wizard
  9846 | D:9      | Reached skill level 1 in Conjurations
 10273 | Lair:1   | Entered Level 1 of the Lair of Beasts
 10288 | Lair:1   | Reached skill level 1 in Earth Magic
 10367 | Lair:1   | Gained mutation: You are mostly covered in icy blue scales.
                  | (AC +3) [demonic ancestry]
 10367 | Lair:1   | Reached XP level 11. HP: 85/85 MP: 14/14
 10367 | Lair:1   | Reached * piety under Wu Jian
 10420 | Lair:1   | Reached skill level 5 in Shields
 10495 | Lair:1   | HP: 5/129 [killer bee (2)]
 10501 | Lair:1   | HP: 1/129 [killer bee (8)]
 10502 | Lair:1   | Mangled by a killer bee

Illustrated notes

Levels and vault maps discovered:
D:1:      dpeg_arrival_snail, layout_basic
D:2:      layout_loops_ring, serial_shops, shop,
          wander_ebering_terrifying_dragon_lair
D:3:      layout_basic, serial_shops, nicolae_shop_tiny_statue_garden,
          grunt_ministairs_1, minmay_misc_feat_nine_boxes
D:4:      layout_loops_corners, lemuel_tele_altar, uniq_menkaure
D:5:      layout_loops_ring, makhleb_grotto_becter, serial_bayou_pond_a,
          uniq_duvessa, uniq_sigmund, uniq_crazy_yiuf_cottage, uniq_edmund,
          uniq_grinder, uniq_ijyb
D:6:      layout_loops_corners, minmay_temple_entry_slanted,
          minmay_misc_feat_pillars
D:7:      layout_loops_ring, grunt_gozag_breadcrumbs, serial_shops,
          nicolae_square_shop
D:8:      layout_loops_cross, due_lair_maze_entry_diamond, enter_bailey_3
D:9:      minmay_the_grid_octo_2x2 [minmay_the_grid_octo_toaster,
          minmay_the_grid_octo_vomiting_pacman, minmay_the_grid_octo_chip,
          minmay_the_grid_octo_prize_square_snowflake], layout_basic,
          minitemple, kennysheep_orc_monster_closet_entryway,
          serial_co_window_serial, co_window_of_opportunity_a,
          co_window_of_opportunity_a, co_window_corner_a, co_window_cross_1,
          co_window_corner_a, co_window_paths_a, co_window_corner_a,
          co_window_paths_c, co_window_paths_c, co_window_paths_d,
          glass_columns_c, hangedman_decor_growths
Temple:   hellmonk_temple_forest_ring
Lair:1:   layout_roguey [special_room_bee]

Skill      XL: |  1  2  3  4  5  6  7  8  9 10 11 |
---------------+----------------------------------+-----
Dodging        | 1 2 3 5 6 7 |  7.1
Armour         | 2 3 4 5 6 7 |  7.3
Fighting       | 2 3 4 5 6 7 |  7.8
Short Blades   | 1 2 3 4 5 6 |  6.9
Evocations     | 4 5 |  5.0
Shields        | 3 4 5 |  5.0
Spellcasting   | 2 |  2.5
Conjurations   | 1 |  1.9
Earth Magic    | 1 |  1.5
Stealth        | |  0.8

Action                     |  1- 3 |  4- 6 |  7- 9 | 10-12 || total
---------------------------+-------+-------+-------+-------++-------
  Melee: Club              |    53 |       |       |       ||    53
         Whip              |    20 |       |       |       ||    20
         Short sword       |     4 |       |       |       ||     4
         Spear             |    37 |   104 |   257 |   238 ||   636
         Punch             |       |     1 |     1 |       ||     2
         Touch             |       |    12 |    18 |       ||    30
         Morningstar       |       |       |       |     3 ||     3
  Throw: Boomerang         |    11 |       |    34 |     2 ||    47
Ability: Lunge             |       |       |       |     3 ||     3
         Whirlwind         |       |       |       |     3 ||     3
  Evoke: Wand              |       |       |     3 |     3 ||     6
    Use: Scroll            |       |       |     9 |     9 ||    18
         Potion            |       |       |       |     5 ||     5
   Stab: Sleeping          |     8 |     8 |     3 |     2 ||    21
         Distracted        |     1 |     2 |     1 |     1 ||     5
 Armour: Leather armour    |    28 |    13 |       |       ||    41
         Ring mail         |       |    15 |   124 |    87 ||   226
  Dodge: Dodged            |    53 |    44 |   130 |   164 ||   391
  Block: Buckler           |       |       |    26 |    75 ||   101
